Avalanche vs Canadiens

Created - Friday, November 20, 2015 at 01:14

Goals
1 2 3 OT1 SO T
Avalanche 0 1 3 0 0 4
Canadiens 0 2 2 0 1 5
Shots
1 2 3 OT1 SO T
Avalanche 4 14 10 1 3 29
Canadiens 9 8 15 2 2 34

1st period

No Goal

Penalties :
Ben Lovejoy (Mon) for Hooking (Minor) at 2:05, Jason Zucker (Col) for Tripping (Minor) at 3:50

2nd period

1. Avalanche , Ryan O'Reilly 7 (Jason Zucker, Scott Hartnell) at 0:16
2. Canadiens , Daniel Sedin 9 (Joe Thornton, Ryan Callahan) at 7:08 (PP)
3. Canadiens , Joe Thornton 4 (Ben Lovejoy, Ryan Callahan) at 11:12 (PP)

Penalties :
Dan Hamhuis (Col) for Hooking (Minor) at 6:26, Francois Beauchemin (Mon) for Hooking (Minor) at 7:16, Valeri Nichushkin (Col) for Interference (Minor) at 10:17, Ryan Callahan (Mon) for Holding Stick (Minor) at 14:17

3rd period

4. Canadiens , Joe Thornton 5 (Daniel Sedin, Ryan Callahan) at 3:45 (PP)
5. Canadiens , Francois Beauchemin 2 (Justin Abdelkader, Mathieu Perreault) at 7:46 (PP)
6. Avalanche , Scott Hartnell 8 (Ryan O'Reilly) at 8:52 (PP)
7. Avalanche , Clayton Stoner 1 (Ryan O'Reilly, Bobby Ryan) at 11:19 (PP)
8. Avalanche , Jason Zucker 9 (Joffrey Lupul, Eddie Lack) at 17:46

Penalties :
Clayton Stoner (Col) for Holding (Minor) at 2:07, Matt Dumba (Col) for Slashing (Minor) at 6:19, Mike Ribeiro (Mon) for Goalie Interference (Minor) at 8:50, Brian Boyle (Mon) for Hooking (Minor) at 10:45, Matt Niskanen (Mon) for Tripping (Minor) at 15:36

Overtime #1

No Goal

Penalties :
Clayton Stoner (Col) for Goalie Interference (Minor) at 1:36

Shootout

Penalty Shot by Joffrey Lupul for Avalanche - Stopped by Pekka Rinne
Penalty Shot by Brian Boyle for Canadiens - Stopped by Eddie Lack
Penalty Shot by Ryan O'Reilly for Avalanche - Stopped by Pekka Rinne
Penalty Shot by Mike Cammalleri for Canadiens - Goal!
Penalty Shot by Rickard Rakell for Avalanche - Shot Misses the Net

Penalties :
No Penalty

Goalie Stats

Eddie Lack (Col), 30 saves from 34 shots - (0.882), OTL, 7-3-1, 65:00 minutes
Pekka Rinne (Mon), 25 saves from 29 shots - (0.862), W, 9-4-4, 65:00 minutes

Players Stats for Avalanche

Player Name              G  A  P  +/- PIM S  H  SB GA TA FO     MP     PP MP  PK MP  
------------------------------------------------------------------------------------
Bobby Ryan               0  1  1   0  0   2  2  1  0  1  0/0    18:43   4:16   0:32 
Brad Stuart              0  0  0   0  0   0  0  0  0  0  0/0     0:34   0:34   0:00 
Clayton Stoner           1  0  1   0  4   4  2  2  0  2  0/0    20:56   4:15   4:49 
Dan Hamhuis              0  0  0   0  2   2  3  3  0  3  0/0    21:41   4:15   1:49 
Daniel Winnik            0  0  0   0  0   0  0  1  0  0  3/5    10:03   0:00   0:48 
David Rundblad           0  0  0   0  0   1  0  1  0  0  0/0    15:35   0:00   1:35 
Jakub Kindl              0  0  0   2  0   0  2  3  0  1  0/0    29:03   3:29   3:12 
Jason Zucker             1  1  2   2  2   5  1  1  1  0  0/2    17:35   4:24   2:10 
Joffrey Lupul            0  1  1   1  0   2  2  0  0  0  0/0    12:36   3:30   0:00 
Mark Scheifele           0  0  0   1  0   2  2  2  0  1  5/13   18:36   3:52   0:00 
Matt Dumba               0  0  0   1  2   0  2  1  1  1  0/0    26:07   0:00   5:27 
Matt Moulson             0  0  0   0  0   2  0  1  0  1  0/0    12:48   0:00   0:00 
Mikkel Boedker           0  0  0   1  0   1  1  0  2  0  0/2    18:15   3:52   0:00 
Rickard Rakell           0  0  0   0  0   1  2  1  1  0  2/8    15:32   1:00   1:10 
Ryan O'Reilly            1  2  3   1  0   5  0  0  4  0  13/17  27:02   3:36   5:06 
Scott Hartnell           1  1  2   1  0   2  2  0  1  0  2/4    21:34   4:26   5:07 
Valeri Nichushkin        0  0  0   0  2   0  0  0  0  1  1/1    12:47   0:00   0:00 
Zach Redmond             0  0  0   0  0   0  1  2  0  0  0/0    11:47   0:00   0:00 

Players Stats for Canadiens

Player Name              G  A  P  +/- PIM S  H  SB GA TA FO     MP     PP MP  PK MP  
------------------------------------------------------------------------------------
Alex Goligoski           0  0  0  -2  0   3  0  2  0  2  0/0    28:53   3:13   4:26 
Andrew Campbell          0  0  0  -1  0   2  0  2  0  1  0/0    18:15   0:00   4:26 
Ben Lovejoy              0  1  1   0  2   0  1  0  0  0  0/0    22:16   3:33   3:04 
Brian Boyle              0  0  0   0  2   5  3  1  0  0  4/6    16:39   0:00   5:25 
Daniel Sedin             1  1  2  -2  0   1  1  2  1  0  0/0    15:10   2:53   0:00 
Francois Beauchemin      1  0  1   0  2   2  0  1  0  0  0/0    23:53   3:14   3:01 
Gregory Campbell         0  0  0   0  0   1  0  2  1  1  5/9    18:18   0:00   5:59 
Jan Hejda                0  0  0   0  0   0  0  0  0  0  0/0     0:00   0:00   0:00 
Jaromir Jagr             0  0  0   0  0   3  0  0  2  0  0/0     9:05   0:00   0:00 
Joe Thornton             2  1  3  -2  0   5  0  2  3  0  3/11   23:22   2:53   0:00 
Jordie Benn              0  0  0   0  0   0  0  1  0  1  0/0    11:22   0:00   0:00 
Justin Abdelkader        0  1  1   0  0   2  5  0  3  0  0/0    20:50   3:34   2:03 
Mathieu Perreault        0  1  1   0  0   0  0  0  4  0  9/11   12:22   3:01   0:16 
Matt Niskanen            0  0  0  -1  2   5  1  3  0  1  0/0    26:03   3:13   1:39 
Mike Cammalleri          0  0  0   0  0   2  0  0  0  0  2/4    20:33   3:15   2:53 
Mike Ribeiro             0  0  0   0  2   1  1  0  5  0  2/10   15:44   0:33   0:00 
Ryan Callahan            0  3  3  -2  2   0  2  0  0  0  0/0    16:36   2:53   0:00 
Scott Gomez              0  0  0   0  0   2  1  0  1  0  1/1    12:01   0:00   0:00 

3 Stars

1 - Ryan O'Reilly (Col)
2 - Joe Thornton (Mon)
3 - Scott Hartnell (Col)

Power Play

Avalanche - 2 on 6 Attempt(s) - 33.33%
Canadiens - 4 on 6 Attempt(s) - 66.67%

Penalty Kill

Avalanche - 2 on 6 Attempt(s) - 33.33% - Score 0 goal in Penalty Kill
Canadiens - 4 on 6 Attempt(s) - 66.67% - Score 0 goal in Penalty Kill

Team Stat

Avalanche - Hits : 22 - Faceoff Wins : 26 - Blocked Shots : 19 - Penalty Minutes : 12
Canadiens - Hits : 15 - Faceoff Wins : 26 - Blocked Shots : 16 - Penalty Minutes : 12

Official

Referees : Unknown
Linesman : Unknown

Game Notes

No Game Note

Finance

Level 1 -- Attendance: 5540 (92.33%) -- Ticket Income $470,900
Level 2 -- Attendance: 4989 (99.78%) -- Ticket Income $249,450
Level 3 -- Attendance: 1922 (96.10%) -- Ticket Income $53,816
Level 4 -- Attendance: 4000 (100.00%) -- Ticket Income $68,000
Luxury Box -- Attendance: 948 (94.80%) -- Ticket Income $170,640
Game was played at the Bell Centre.
Total Attendance: 17399 (96.66%)
Total Ticket Income: $1,012,806
Other Income: $496,275
Total Income: $1,509,081

Avalanche

5 vs 5 Forward 
   Center                   Left Wing                Right Wing               Time % Phy DF OF 
 1 Ryan O'Reilly            Scott Hartnell           Jason Zucker             35     0   1  4  
 2 Mark Scheifele           Mikkel Boedker           Bobby Ryan               30     0   2  3  
 3 Daniel Winnik            Ryan O'Reilly            Joffrey Lupul            22     0   2  3  
 4 Rickard Rakell           Matt Moulson             Valeri Nichushkin        13     0   2  3  

5 vs 5 Defense 
   Defense                  Defense                                           Time % Phy DF OF 
 1 Matt Dumba               Jakub Kindl                                       35     1   2  2  
 2 Dan Hamhuis              David Rundblad                                    30     1   2  2  
 3 Clayton Stoner           Zach Redmond                                      22     1   2  2  
 4 Matt Dumba               Jakub Kindl                                       13     1   2  2  

PowerPlay Forward 
   Center                   Left Wing                Right Wing               Time % Phy DF OF 
 1 Ryan O'Reilly            Scott Hartnell           Bobby Ryan               60     0   1  4  
 2 Mark Scheifele           Mikkel Boedker           Joffrey Lupul            40     0   2  3  

PowerPlay Defense
   Defense                  Defense                                           Time % Phy DF OF 
 1 Jakub Kindl              Jason Zucker                                      60     0   1  4  
 2 Clayton Stoner           Dan Hamhuis                                       40     0   1  4  

Penalty Kill 4 Players Forward 
   Center                   Wing                     Time % Phy DF OF 
 1 Ryan O'Reilly            Scott Hartnell           60     1   2  2  
 2 Daniel Winnik            Jason Zucker             40     1   2  2  

Penalty Kill 4 Players Defense
   Defense                  Defense                  Time % Phy DF OF 
 1 Matt Dumba               Clayton Stoner           60     1   2  2  
 2 Dan Hamhuis              Jakub Kindl              40     1   2  2  

Penalty Kill - 3 Players Forward 
   Forward                                           Time % Phy DF OF 
 1 Ryan O'Reilly                                     60     1   2  2  
 2 Scott Hartnell                                    40     1   2  2  

Penalty Kill - 3 Players Defense
   Defense                  Defense                  Time % Phy DF OF 
 1 Matt Dumba               Dan Hamhuis              60     1   2  2  
 2 Clayton Stoner           Jakub Kindl              40     1   2  2  

4 vs 4 Forward 
   Center                   Wing                     Time % Phy DF OF 
 1 Ryan O'Reilly            Scott Hartnell           60     1   2  2  
 2 Mark Scheifele           Jason Zucker             40     1   2  2  

4 vs 4 Defense
   Defense                  Defense                  Time % Phy DF OF 
 1 Zach Redmond             Jakub Kindl              60     1   2  2  
 2 Clayton Stoner           Dan Hamhuis              40     1   2  2  

Last Minutes Offensive
   Center                   Left Wing                Right Wing               Defense                  Defense                  
   Ryan O'Reilly            Scott Hartnell           Bobby Ryan               Jason Zucker             Mikkel Boedker           

Last Minutes Defensive
   Center                   Left Wing                Right Wing               Defense                  Defense                  
   Ryan O'Reilly            Daniel Winnik            Mark Scheifele           Matt Dumba               Clayton Stoner           

Goaltenders
Starting : Eddie Lack               
Backup : Jack Campbell            

Extra Forwards
Normal : Jason Zucker, Scott Hartnell, Mikkel Boedker - PP : Jason Zucker, Scott Hartnell - PK : Jason Zucker
Extra Defensemen
Normal : Jakub Kindl, David Rundblad, Dan Hamhuis - PP : Jakub Kindl - PK : Jakub Kindl, David Rundblad
Penalty Shots
Joffrey Lupul, Ryan O'Reilly, Rickard Rakell, Mikkel Boedker, Matt Moulson

Canadiens

5 vs 5 Forward 
   Center                   Left Wing                Right Wing               Time % Phy DF OF 
 1 Joe Thornton             Daniel Sedin             Ryan Callahan            33     1   1  3  
 2 Mike Ribeiro             Mike Cammalleri          Justin Abdelkader        31     1   1  3  
 3 Mathieu Perreault        Joe Thornton             Jaromir Jagr             26     1   1  3  
 4 Gregory Campbell         Brian Boyle              Scott Gomez              10     1   3  1  

5 vs 5 Defense 
   Defense                  Defense                                           Time % Phy DF OF 
 1 Alex Goligoski           Matt Niskanen                                     40     1   2  2  
 2 Ben Lovejoy              Francois Beauchemin                               34     1   2  2  
 3 Andrew Campbell          Jordie Benn                                       26     1   3  1  
 4 Alex Goligoski           Matt Niskanen                                     0      1   2  2  

PowerPlay Forward 
   Center                   Left Wing                Right Wing               Time % Phy DF OF 
 1 Joe Thornton             Daniel Sedin             Ryan Callahan            55     1   1  3  
 2 Mathieu Perreault        Mike Cammalleri          Justin Abdelkader        45     1   1  3  

PowerPlay Defense
   Defense                  Defense                                           Time % Phy DF OF 
 1 Alex Goligoski           Matt Niskanen                                     60     1   1  3  
 2 Francois Beauchemin      Ben Lovejoy                                       40     1   2  2  

Penalty Kill 4 Players Forward 
   Center                   Wing                     Time % Phy DF OF 
 1 Brian Boyle              Gregory Campbell         60     1   3  1  
 2 Mike Cammalleri          Justin Abdelkader        40     1   3  1  

Penalty Kill 4 Players Defense
   Defense                  Defense                  Time % Phy DF OF 
 1 Alex Goligoski           Andrew Campbell          60     1   3  1  
 2 Ben Lovejoy              Francois Beauchemin      40     1   3  1  

Penalty Kill - 3 Players Forward 
   Forward                                           Time % Phy DF OF 
 1 Brian Boyle                                       60     1   3  1  
 2 Gregory Campbell                                  40     1   3  1  

Penalty Kill - 3 Players Defense
   Defense                  Defense                  Time % Phy DF OF 
 1 Alex Goligoski           Andrew Campbell          60     1   3  1  
 2 Ben Lovejoy              Francois Beauchemin      40     1   3  1  

4 vs 4 Forward 
   Center                   Wing                     Time % Phy DF OF 
 1 Mike Ribeiro             Justin Abdelkader        60     1   2  2  
 2 Joe Thornton             Ryan Callahan            40     1   2  2  

4 vs 4 Defense
   Defense                  Defense                  Time % Phy DF OF 
 1 Alex Goligoski           Matt Niskanen            60     1   2  2  
 2 Andrew Campbell          Francois Beauchemin      40     1   2  2  

Last Minutes Offensive
   Center                   Left Wing                Right Wing               Defense                  Defense                  
   Joe Thornton             Mike Cammalleri          Justin Abdelkader        Alex Goligoski           Matt Niskanen            

Last Minutes Defensive
   Center                   Left Wing                Right Wing               Defense                  Defense                  
   Gregory Campbell         Brian Boyle              Mike Cammalleri          Alex Goligoski           Andrew Campbell          

Goaltenders
Starting : Pekka Rinne              
Backup : Curtis McElhinney        

Extra Forwards
Normal : Mike Cammalleri, Scott Gomez, Gregory Campbell - PP : Mike Cammalleri, Mike Ribeiro - PK : Mike Cammalleri
Extra Defensemen
Normal : Alex Goligoski, Andrew Campbell, Matt Niskanen - PP : Alex Goligoski - PK : Alex Goligoski, Matt Niskanen
Penalty Shots
Brian Boyle, Mike Cammalleri, Joe Thornton, Justin Abdelkader, Daniel Sedin

% Time on Ice - Avalanche

Lines # - Real PCT - Wanted PCT - Time Play
Normal Forward
1 - 20% - 35% - 9:02
2 - 32% - 30% - 14:17
3 - 20% - 22% - 8:54
4 - 28% - 13% - 12:48
Normal Defense
1 - 37% - 35% - 16:33
2 - 31% - 30% - 14:00
3 - 23% - 22% - 10:10
4 - 10% - 13% - 4:18
PP Forward
1 - 53% - 60% - 4:26
2 - 47% - 40% - 3:52
PP Defense
1 - 49% - 60% - 4:03
2 - 51% - 40% - 4:15
PK Forward
1 - 88% - 60% - 5:39
2 - 12% - 40% - 0:48
PK Defense
1 - 89% - 60% - 5:46
2 - 11% - 40% - 0:41
PK3 Forward
1 - 100% - 60% - 1:59
2 - 0% - 40% - 0:00
PK3 Defense
1 - 57% - 60% - 1:08
2 - 43% - 40% - 0:51
44 Forward
1 - 100% - 60% - 3:15
2 - 0% - 40% - 0:00
44 Defense
1 - 68% - 60% - 2:12
2 - 32% - 40% - 1:03
Last Minute Offensive  - 0:00
Last Minute Defensive  - 0:00
Total
Forward - 65:00
Defense - 65:00

% Time on Ice - Canadiens

Lines # - Real PCT - Wanted PCT - Time Play
Normal Forward
1 - 29% - 33% - 13:00
2 - 28% - 31% - 12:24
3 - 20% - 26% - 9:05
4 - 23% - 10% - 10:32
Normal Defense
1 - 40% - 40% - 17:59
2 - 35% - 34% - 15:40
3 - 25% - 26% - 11:22
4 - 0% - 0% - 0:00
PP Forward
1 - 53% - 55% - 3:26
2 - 47% - 45% - 3:01
PP Defense
1 - 50% - 60% - 3:13
2 - 50% - 40% - 3:14
PK Forward
1 - 75% - 60% - 6:15
2 - 25% - 40% - 2:03
PK Defense
1 - 53% - 60% - 4:26
2 - 47% - 40% - 3:52
PK3 Forward
1 - 0% - 60%
2 - 0% - 40%
PK3 Defense
1 - 0% - 60%
2 - 0% - 40%
44 Forward
1 - 78% - 60% - 4:04
2 - 22% - 40% - 1:10
44 Defense
1 - 62% - 60% - 3:15
2 - 38% - 40% - 1:59
Last Minute Offensive  - 0:00
Last Minute Defensive  - 0:00
Total
Forward - 65:00
Defense - 65:00

Play by Play

1st period


0:01 of 1st period - Ryan O'Reilly wins face-off versus Joe Thornton in neutral zone.
0:46 of 1st period - Mikkel Boedker is hit by Daniel Sedin.
1:09 of 1st period - Mike Ribeiro is hit by Mark Scheifele and loses puck.
1:32 of 1st period - Snap shot by Mike Ribeiro.
1:32 of 1st period - Shot Misses the Net.
1:34 of 1st period - Slapshot by Andrew Campbell.
1:34 of 1st period - Shot Misses the Net.
2:05 of 1st period - Minor Penalty to Ben Lovejoy for Hooking.
2:06 of 1st period - Brian Boyle wins face-off versus Scott Hartnell in Canadiens zone.
2:06 of 1st period - Brian Boyle is hit by Bobby Ryan.
2:26 of 1st period - Wrist shot by Scott Hartnell.
2:26 of 1st period - Shot Misses the Net.
2:28 of 1st period - Slapshot by Dan Hamhuis.
2:28 of 1st period - Shot Misses the Net.
2:40 of 1st period - Alex Goligoski is hit by Joffrey Lupul and loses puck.
3:50 of 1st period - Minor Penalty to Jason Zucker for Tripping.
3:51 of 1st period - Ryan O'Reilly wins face-off versus Mike Ribeiro in Avalanche zone.
4:05 of 1st period - Penalty to Ben Lovejoy is over, Ben Lovejoy is back on ice.
4:26 of 1st period - Wrist shot by Justin Abdelkader.
4:26 of 1st period - Shot Misses the Net.
4:28 of 1st period - Wrist shot by Francois Beauchemin.
4:28 of 1st period - Shot Misses the Net.
5:50 of 1st period - Penalty to Jason Zucker is over, Jason Zucker is back on ice.
5:54 of 1st period - Clayton Stoner is hit by Matt Niskanen and loses puck.
6:33 of 1st period - Snap shot by Brian Boyle.
6:33 of 1st period - Stopped by Eddie Lack without a rebound.
6:34 of 1st period - Mathieu Perreault wins face-off versus Mark Scheifele in Avalanche zone.
6:55 of 1st period - Slapshot by Joe Thornton.
6:55 of 1st period - Stopped by Eddie Lack with a rebound.
7:37 of 1st period - Wrist shot by Brian Boyle.
7:37 of 1st period - Stopped by Eddie Lack without a rebound.
7:38 of 1st period - Gregory Campbell wins face-off versus Rickard Rakell in Avalanche zone.
7:58 of 1st period - Slapshot by Scott Gomez.
7:58 of 1st period - Stopped by Eddie Lack with a rebound.
8:59 of 1st period - Snap shot by Mike Ribeiro.
8:59 of 1st period - Stopped by Eddie Lack without a rebound.
9:00 of 1st period - Mike Cammalleri wins face-off versus Mark Scheifele in Avalanche zone.
9:18 of 1st period - Wrist shot by Mark Scheifele.
9:18 of 1st period - Shot Misses the Net.
9:20 of 1st period - Backhand shot by David Rundblad.
9:20 of 1st period - Stopped by Pekka Rinne with a rebound.
9:32 of 1st period - Snap shot by Mikkel Boedker.
9:32 of 1st period - Shot Blocked by Matt Niskanen.
9:54 of 1st period - Brian Boyle is hit by Scott Hartnell and loses puck.
10:01 of 1st period - Snap shot by Ryan O'Reilly.
10:01 of 1st period - Shot Misses the Net.
10:24 of 1st period - Wrist shot by Joffrey Lupul.
10:24 of 1st period - Shot Blocked by Daniel Sedin.
10:26 of 1st period - Wrist shot by Ryan O'Reilly.
10:26 of 1st period - Shot Blocked by Daniel Sedin.
10:28 of 1st period - Wrist shot by Daniel Winnik.
10:28 of 1st period - Shot Misses the Net.
10:30 of 1st period - Snap shot by Joffrey Lupul.
10:30 of 1st period - Stopped by Pekka Rinne with a rebound.
10:32 of 1st period - Snap shot by Joffrey Lupul.
10:32 of 1st period - Shot Misses the Net.
10:42 of 1st period - Bobby Ryan is hit by Ryan Callahan and loses puck.
11:17 of 1st period - Snap shot by Jaromir Jagr.
11:17 of 1st period - Stopped by Eddie Lack without a rebound.
11:18 of 1st period - Mathieu Perreault wins face-off versus Daniel Winnik in Avalanche zone.
11:21 of 1st period - Slapshot by Jaromir Jagr.
11:21 of 1st period - Shot Misses the Net.
11:23 of 1st period - Snap shot by Mike Cammalleri.
11:23 of 1st period - Shot Blocked by Jakub Kindl.
11:53 of 1st period - Slapshot by Scott Gomez.
11:53 of 1st period - Shot Misses the Net.
12:12 of 1st period - Slapshot by Mikkel Boedker.
12:12 of 1st period - Shot Blocked by Jordie Benn.
12:14 of 1st period - Slapshot by Clayton Stoner.
12:14 of 1st period - Stopped by Pekka Rinne with a rebound.
12:16 of 1st period - Slapshot by Clayton Stoner.
12:16 of 1st period - Deflect By Brian Boyle.
12:16 of 1st period - Stopped by Pekka Rinne with a rebound.
12:42 of 1st period - Ben Lovejoy is hit by Clayton Stoner and loses puck.
13:29 of 1st period - Wrist shot by Mark Scheifele.
13:29 of 1st period - Shot Misses the Net.
14:54 of 1st period - Slapshot by Bobby Ryan.
14:54 of 1st period - Shot Misses the Net.
14:56 of 1st period - Slapshot by David Rundblad.
14:56 of 1st period - Shot Misses the Net.
14:58 of 1st period - Snap shot by Dan Hamhuis.
14:58 of 1st period - Shot Hit the Post.
15:59 of 1st period - Snap shot by Jason Zucker.
15:59 of 1st period - Shot Blocked by Alex Goligoski.
16:21 of 1st period - Wrist shot by Brian Boyle.
16:21 of 1st period - Shot Blocked by Matt Moulson.
16:23 of 1st period - Snap shot by Brian Boyle.
16:23 of 1st period - Stopped by Eddie Lack without a rebound.
16:24 of 1st period - Gregory Campbell wins face-off versus Mikkel Boedker in Avalanche zone.
16:54 of 1st period - Snap shot by Ryan O'Reilly.
16:54 of 1st period - Shot Misses the Net.
17:06 of 1st period - Francois Beauchemin is hit by Scott Hartnell and loses puck.
17:19 of 1st period - Wrist shot by Scott Hartnell.
17:19 of 1st period - Shot Misses the Net.
17:55 of 1st period - Slapshot by Scott Gomez.
17:55 of 1st period - Stopped by Eddie Lack with a rebound.
17:57 of 1st period - Wrist shot by Gregory Campbell.
17:57 of 1st period - Shot Misses the Net.
17:59 of 1st period - Snap shot by Gregory Campbell.
17:59 of 1st period - Stopped by Eddie Lack with a rebound.
18:03 of 1st period - Wrist shot by Gregory Campbell.
18:03 of 1st period - Deflect By Brian Boyle.
18:03 of 1st period - Shot Blocked by David Rundblad.
18:03 of 1st period - Puck is out of play.
18:04 of 1st period - Gregory Campbell wins face-off versus Rickard Rakell in Avalanche zone.
18:23 of 1st period - Snap shot by Ryan O'Reilly.
18:23 of 1st period - Shot Blocked by Matt Niskanen.
18:59 of 1st period - Snap shot by Mathieu Perreault.
18:59 of 1st period - Deflect By Matt Dumba.
18:59 of 1st period - Shot Blocked by Mark Scheifele.
18:59 of 1st period - Puck is out of play.
19:00 of 1st period - Mark Scheifele wins face-off versus Mathieu Perreault in Avalanche zone.
19:09 of 1st period - Snap shot by Mikkel Boedker.
19:09 of 1st period - Shot Blocked by Andrew Campbell.
19:11 of 1st period - Wrist shot by Mark Scheifele.
19:11 of 1st period - Shot Blocked by Andrew Campbell.
Goals for this period are 0 for Avalanche vs 0 for Canadiens.
Shots for this period are 4 for Avalanche vs 9 for Canadiens.

2nd period


0:01 of 2nd period - Ryan O'Reilly wins face-off versus Joe Thornton in neutral zone.
0:12 of 2nd period - Snap shot by Scott Hartnell.
0:12 of 2nd period - Stopped by Pekka Rinne with a rebound.
0:14 of 2nd period - Snap shot by Jason Zucker.
0:14 of 2nd period - Stopped by Pekka Rinne with a rebound.
0:16 of 2nd period - Slapshot by Ryan O'Reilly.
0:16 of 2nd period - Goal by Ryan O'Reilly - Avalanche : 1 - Canadiens : 0.
0:17 of 2nd period - Ryan O'Reilly wins face-off versus Joe Thornton in neutral zone.
0:20 of 2nd period - Snap shot by Ryan O'Reilly.
0:20 of 2nd period - Shot Misses the Net.
0:26 of 2nd period - Snap shot by Jason Zucker.
0:26 of 2nd period - Deflect By Ryan O'Reilly.
0:26 of 2nd period - Stopped by Pekka Rinne with a rebound.
0:53 of 2nd period - Wrist shot by Scott Hartnell.
0:53 of 2nd period - Shot Misses the Net.
1:07 of 2nd period - Snap shot by Mikkel Boedker.
1:07 of 2nd period - Shot Blocked by Joe Thornton.
1:15 of 2nd period - Snap shot by Mark Scheifele.
1:15 of 2nd period - Stopped by Pekka Rinne without a rebound.
1:16 of 2nd period - Mike Ribeiro wins face-off versus Mikkel Boedker in Canadiens zone.
1:21 of 2nd period - Snap shot by Mike Cammalleri.
1:21 of 2nd period - Stopped by Eddie Lack with a rebound.
4:43 of 2nd period - Andrew Campbell is hit by Mark Scheifele and loses puck.
5:31 of 2nd period - Dan Hamhuis is hit by Brian Boyle and loses puck.
6:26 of 2nd period - Minor Penalty to Dan Hamhuis for Hooking.
6:27 of 2nd period - Mathieu Perreault wins face-off versus Jason Zucker in Avalanche zone.
6:34 of 2nd period - Wrist shot by Mike Cammalleri.
6:34 of 2nd period - Shot Blocked by Clayton Stoner.
6:36 of 2nd period - Slapshot by Justin Abdelkader.
6:36 of 2nd period - Shot Misses the Net.
6:50 of 2nd period - Wrist shot by Mathieu Perreault.
6:50 of 2nd period - Shot Misses the Net.
7:08 of 2nd period - Snap shot by Joe Thornton.
7:08 of 2nd period - Deflect By Daniel Sedin.
7:08 of 2nd period - Goal by Daniel Sedin - Avalanche : 1 - Canadiens : 1.
7:09 of 2nd period - Scott Gomez wins face-off versus Mark Scheifele in neutral zone.
7:16 of 2nd period - Minor Penalty to Francois Beauchemin for Hooking.
7:17 of 2nd period - Mark Scheifele wins face-off versus Brian Boyle in Canadiens zone.
7:20 of 2nd period - Snap shot by Mikkel Boedker.
7:20 of 2nd period - Stopped by Pekka Rinne with a rebound.
7:22 of 2nd period - Slapshot by Jason Zucker.
7:22 of 2nd period - Stopped by Pekka Rinne with a rebound.
7:24 of 2nd period - Slapshot by Mark Scheifele.
7:24 of 2nd period - Stopped by Pekka Rinne with a rebound.
7:26 of 2nd period - Slapshot by Jason Zucker.
7:26 of 2nd period - Deflect By Mark Scheifele.
7:26 of 2nd period - Shot Misses the Net.
7:26 of 2nd period - Puck is out of play.
7:27 of 2nd period - Brian Boyle wins face-off versus Mark Scheifele in Canadiens zone.
8:20 of 2nd period - Jason Zucker is hit by Brian Boyle and loses puck.
9:09 of 2nd period - Snap shot by Joffrey Lupul.
9:09 of 2nd period - Stopped by Pekka Rinne with a rebound.
9:16 of 2nd period - Penalty to Francois Beauchemin is over, Francois Beauchemin is back on ice.
9:33 of 2nd period - Valeri Nichushkin is hit by Brian Boyle and loses puck.
9:48 of 2nd period - Andrew Campbell is hit by Jakub Kindl.
9:54 of 2nd period - Snap shot by Rickard Rakell.
9:54 of 2nd period - Stopped by Pekka Rinne with a rebound.
10:17 of 2nd period - Minor Penalty to Valeri Nichushkin for Interference.
10:18 of 2nd period - Mathieu Perreault wins face-off versus Scott Hartnell in Avalanche zone.
10:40 of 2nd period - Slapshot by Mike Cammalleri.
10:40 of 2nd period - Shot Misses the Net.
10:42 of 2nd period - Snap shot by Mike Cammalleri.
10:42 of 2nd period - Stopped by Eddie Lack with a rebound.
10:44 of 2nd period - Slapshot by Alex Goligoski.
10:44 of 2nd period - Shot Misses the Net.
10:46 of 2nd period - Slapshot by Alex Goligoski.
10:46 of 2nd period - Stopped by Eddie Lack without a rebound.
10:47 of 2nd period - Joe Thornton wins face-off versus Ryan O'Reilly in Avalanche zone.
11:04 of 2nd period - Snap shot by Ryan Callahan.
11:04 of 2nd period - Shot Blocked by Matt Dumba.
11:06 of 2nd period - Snap shot by Ben Lovejoy.
11:06 of 2nd period - Shot Misses the Net.
11:12 of 2nd period - Snap shot by Joe Thornton.
11:12 of 2nd period - Goal by Joe Thornton - Avalanche : 1 - Canadiens : 2.
11:13 of 2nd period - Mark Scheifele wins face-off versus Mike Ribeiro in neutral zone.
11:22 of 2nd period - Bobby Ryan is hit by Mike Ribeiro and loses puck.
12:22 of 2nd period - Mathieu Perreault is hit by Joffrey Lupul and loses puck.
13:30 of 2nd period - Slapshot by Brian Boyle.
13:30 of 2nd period - Stopped by Eddie Lack without a rebound.
13:31 of 2nd period - Mike Cammalleri wins face-off versus Ryan O'Reilly in Avalanche zone.
13:40 of 2nd period - Snap shot by Mike Cammalleri.
13:40 of 2nd period - Shot Misses the Net.
13:42 of 2nd period - Snap shot by Alex Goligoski.
13:42 of 2nd period - Deflect By Zach Redmond.
13:42 of 2nd period - Stopped by Eddie Lack with a rebound.
14:17 of 2nd period - Minor Penalty to Ryan Callahan for Holding Stick.
14:18 of 2nd period - Brian Boyle wins face-off versus Mark Scheifele in Canadiens zone.
14:40 of 2nd period - Slapshot by Jason Zucker.
14:40 of 2nd period - Shot Blocked by Gregory Campbell.
14:42 of 2nd period - Slapshot by Jason Zucker.
14:42 of 2nd period - Shot Misses the Net.
14:44 of 2nd period - Wrist shot by Jason Zucker.
14:44 of 2nd period - Shot Blocked by Brian Boyle.
14:46 of 2nd period - Snap shot by Joffrey Lupul.
14:46 of 2nd period - Shot Misses the Net.
15:35 of 2nd period - Francois Beauchemin is hit by Bobby Ryan and loses puck.
16:17 of 2nd period - Penalty to Ryan Callahan is over, Ryan Callahan is back on ice.
16:18 of 2nd period - Slapshot by Jason Zucker.
16:18 of 2nd period - Shot Misses the Net.
16:20 of 2nd period - Slapshot by Dan Hamhuis.
16:20 of 2nd period - Deflect By Alex Goligoski.
16:20 of 2nd period - Stopped by Pekka Rinne with a rebound.
16:22 of 2nd period - Slapshot by Dan Hamhuis.
16:22 of 2nd period - Stopped by Pekka Rinne with a rebound.
16:24 of 2nd period - Slapshot by David Rundblad.
16:24 of 2nd period - Shot Blocked by Gregory Campbell.
16:53 of 2nd period - Slapshot by Joe Thornton.
16:53 of 2nd period - Shot Blocked by Dan Hamhuis.
17:47 of 2nd period - Francois Beauchemin is hit by Matt Dumba and loses puck.
17:52 of 2nd period - Snap shot by Ryan O'Reilly.
17:52 of 2nd period - Stopped by Pekka Rinne without a rebound.
17:53 of 2nd period - Daniel Winnik wins face-off versus Mike Ribeiro in Canadiens zone.
17:54 of 2nd period - Snap shot by Joffrey Lupul.
17:54 of 2nd period - Deflect By Ryan O'Reilly.
17:54 of 2nd period - Shot Misses the Net.
17:54 of 2nd period - Puck is out of play.
17:55 of 2nd period - Daniel Winnik wins face-off versus Mike Ribeiro in Canadiens zone.
18:16 of 2nd period - Snap shot by Matt Moulson.
18:16 of 2nd period - Stopped by Pekka Rinne without a rebound.
18:17 of 2nd period - Mathieu Perreault wins face-off versus Rickard Rakell in Canadiens zone.
18:26 of 2nd period - Mathieu Perreault is hit by Rickard Rakell and loses puck.
18:43 of 2nd period - Andrew Campbell is hit by Matt Dumba and loses puck.
19:00 of 2nd period - Brian Boyle is hit by Mikkel Boedker and loses puck.
19:07 of 2nd period - Slapshot by Andrew Campbell.
19:07 of 2nd period - Stopped by Eddie Lack with a rebound.
19:29 of 2nd period - Francois Beauchemin is hit by Zach Redmond.
19:57 of 2nd period - Snap shot by Joffrey Lupul.
19:57 of 2nd period - Shot Misses the Net.
Goals for this period are 1 for Avalanche vs 2 for Canadiens.
Shots for this period are 14 for Avalanche vs 8 for Canadiens.

3rd period


0:01 of 3rd period - Ryan O'Reilly wins face-off versus Joe Thornton in neutral zone.
0:04 of 3rd period - Snap shot by Jason Zucker.
0:04 of 3rd period - Stopped by Pekka Rinne with a rebound.
0:35 of 3rd period - Icing by Jakub Kindl.
0:36 of 3rd period - Ryan O'Reilly wins face-off versus Mike Ribeiro in Avalanche zone.
1:10 of 3rd period - Mark Scheifele is hit by Ben Lovejoy and loses puck.
1:16 of 3rd period - Icing by Mikkel Boedker.
1:17 of 3rd period - Mark Scheifele wins face-off versus Mathieu Perreault in Avalanche zone.
1:22 of 3rd period - Matt Niskanen is hit by Dan Hamhuis and loses puck.
1:32 of 3rd period - Icing by Alex Goligoski.
1:33 of 3rd period - Rickard Rakell wins face-off versus Joe Thornton in Canadiens zone.
1:36 of 3rd period - Wrist shot by Matt Moulson.
1:36 of 3rd period - Stopped by Pekka Rinne with a rebound.
1:52 of 3rd period - Wrist shot by Joe Thornton.
1:52 of 3rd period - Shot Blocked by Clayton Stoner.
2:07 of 3rd period - Minor Penalty to Clayton Stoner for Holding.
2:08 of 3rd period - Scott Hartnell wins face-off versus Joe Thornton in Avalanche zone.
2:08 of 3rd period - Scott Hartnell is hit by Ryan Callahan.
2:56 of 3rd period - Ryan O'Reilly is hit by Justin Abdelkader and loses puck.
3:05 of 3rd period - Wrist shot by Ryan O'Reilly.
3:05 of 3rd period - Deflect By Scott Hartnell.
3:05 of 3rd period - Shot Blocked by Alex Goligoski.
3:05 of 3rd period - Puck is out of play.
3:06 of 3rd period - Mathieu Perreault wins face-off versus Ryan O'Reilly in Canadiens zone.
3:25 of 3rd period - Slapshot by Mathieu Perreault.
3:25 of 3rd period - Shot Misses the Net.
3:45 of 3rd period - Slapshot by Joe Thornton.
3:45 of 3rd period - Goal by Joe Thornton - Avalanche : 1 - Canadiens : 3.
3:46 of 3rd period - Mark Scheifele wins face-off versus Gregory Campbell in neutral zone.
4:15 of 3rd period - Slapshot by Scott Gomez.
4:15 of 3rd period - Shot Hit the Post.
4:47 of 3rd period - Mike Cammalleri is hit by Dan Hamhuis and loses puck.
5:27 of 3rd period - Off-side.
5:28 of 3rd period - Joe Thornton wins face-off versus Daniel Winnik in neutral zone.
5:31 of 3rd period - Wrist shot by Joe Thornton.
5:31 of 3rd period - Stopped by Eddie Lack with a rebound.
5:39 of 3rd period - Snap shot by Joffrey Lupul.
5:39 of 3rd period - Shot Misses the Net.
5:41 of 3rd period - Snap shot by Daniel Winnik.
5:41 of 3rd period - Shot Blocked by Joe Thornton.
5:43 of 3rd period - Wrist shot by Clayton Stoner.
5:43 of 3rd period - Stopped by Pekka Rinne without a rebound.
5:44 of 3rd period - Mathieu Perreault wins face-off versus Mark Scheifele in Canadiens zone.
6:03 of 3rd period - Wrist shot by Bobby Ryan.
6:03 of 3rd period - Shot Blocked by Matt Niskanen.
6:19 of 3rd period - Minor Penalty to Matt Dumba for Slashing.
6:20 of 3rd period - Ryan O'Reilly wins face-off versus Mike Cammalleri in Avalanche zone.
7:21 of 3rd period - Slapshot by Joe Thornton.
7:21 of 3rd period - Shot Blocked by Daniel Winnik.
7:42 of 3rd period - Wrist shot by Justin Abdelkader.
7:42 of 3rd period - Stopped by Eddie Lack with a rebound.
7:44 of 3rd period - Snap shot by Francois Beauchemin.
7:44 of 3rd period - Shot Blocked by Jason Zucker.
7:46 of 3rd period - Slapshot by Francois Beauchemin.
7:46 of 3rd period - Goal by Francois Beauchemin - Avalanche : 1 - Canadiens : 4.
7:47 of 3rd period - Gregory Campbell wins face-off versus Mark Scheifele in neutral zone.
7:56 of 3rd period - Slapshot by Alex Goligoski.
7:56 of 3rd period - Shot Blocked by Bobby Ryan.
8:02 of 3rd period - Wrist shot by Brian Boyle.
8:02 of 3rd period - Stopped by Eddie Lack without a rebound.
8:03 of 3rd period - Gregory Campbell wins face-off versus Mark Scheifele in Avalanche zone.
8:12 of 3rd period - Slapshot by Alex Goligoski.
8:12 of 3rd period - Shot Misses the Net.
8:50 of 3rd period - Minor Penalty to Mike Ribeiro for Goalie Interference.
8:51 of 3rd period - Ryan O'Reilly wins face-off versus Brian Boyle in Canadiens zone.
8:52 of 3rd period - Snap shot by Scott Hartnell.
8:52 of 3rd period - Goal by Scott Hartnell - Avalanche : 2 - Canadiens : 4.
8:53 of 3rd period - Scott Hartnell wins face-off versus Joe Thornton in neutral zone.
9:00 of 3rd period - Wrist shot by Ryan O'Reilly.
9:00 of 3rd period - Shot Misses the Net.
9:02 of 3rd period - Wrist shot by Ryan O'Reilly.
9:02 of 3rd period - Stopped by Pekka Rinne with a rebound.
9:46 of 3rd period - Mark Scheifele is hit by Justin Abdelkader and loses puck.
9:55 of 3rd period - Alex Goligoski is hit by Jakub Kindl and loses puck.
10:04 of 3rd period - Snap shot by Mike Cammalleri.
10:04 of 3rd period - Shot Misses the Net.
10:06 of 3rd period - Snap shot by Andrew Campbell.
10:06 of 3rd period - Shot Blocked by Jakub Kindl.
10:08 of 3rd period - Snap shot by Andrew Campbell.
10:08 of 3rd period - Stopped by Eddie Lack with a rebound.
10:10 of 3rd period - Slapshot by Andrew Campbell.
10:10 of 3rd period - Shot Misses the Net.
10:12 of 3rd period - Slapshot by Jordie Benn.
10:12 of 3rd period - Shot Misses the Net.
10:14 of 3rd period - Slapshot by Andrew Campbell.
10:14 of 3rd period - Shot Blocked by Mark Scheifele.
10:16 of 3rd period - Slapshot by Jordie Benn.
10:16 of 3rd period - Shot Misses the Net.
10:18 of 3rd period - Slapshot by Jordie Benn.
10:18 of 3rd period - Deflect By Mike Ribeiro.
10:18 of 3rd period - Shot Hit the Post.
10:18 of 3rd period - Puck is out of play.
10:19 of 3rd period - Valeri Nichushkin wins face-off versus Gregory Campbell in Avalanche zone.
10:45 of 3rd period - Minor Penalty to Brian Boyle for Hooking.
10:46 of 3rd period - Ryan O'Reilly wins face-off versus Gregory Campbell in Canadiens zone.
10:57 of 3rd period - Snap shot by Bobby Ryan.
10:57 of 3rd period - Stopped by Pekka Rinne with a rebound.
10:59 of 3rd period - Slapshot by Dan Hamhuis.
10:59 of 3rd period - Shot Misses the Net.
11:01 of 3rd period - Slapshot by Ryan O'Reilly.
11:01 of 3rd period - Shot Misses the Net.
11:09 of 3rd period - Snap shot by Bobby Ryan.
11:09 of 3rd period - Stopped by Pekka Rinne with a rebound.
11:11 of 3rd period - Wrist shot by Bobby Ryan.
11:11 of 3rd period - Shot Misses the Net.
11:17 of 3rd period - Wrist shot by Ryan O'Reilly.
11:17 of 3rd period - Stopped by Pekka Rinne with a rebound.
11:19 of 3rd period - Slapshot by Clayton Stoner.
11:19 of 3rd period - Goal by Clayton Stoner - Avalanche : 3 - Canadiens : 4.
11:20 of 3rd period - Daniel Winnik wins face-off versus Joe Thornton in neutral zone.
12:15 of 3rd period - Wrist shot by Mike Cammalleri.
12:15 of 3rd period - Deflect By Justin Abdelkader.
12:15 of 3rd period - Stopped by Eddie Lack with a rebound.
12:17 of 3rd period - Backhand shot by Alex Goligoski.
12:17 of 3rd period - Shot Blocked by Jakub Kindl.
12:19 of 3rd period - Snap shot by Alex Goligoski.
12:19 of 3rd period - Stopped by Eddie Lack with a rebound.
14:09 of 3rd period - Snap shot by Mikkel Boedker.
14:09 of 3rd period - Shot Blocked by Francois Beauchemin.
14:59 of 3rd period - Ben Lovejoy is hit by Rickard Rakell.
15:13 of 3rd period - Zach Redmond is hit by Scott Gomez and loses puck.
15:17 of 3rd period - Icing by Zach Redmond.
15:18 of 3rd period - Rickard Rakell wins face-off versus Gregory Campbell in Avalanche zone.
15:36 of 3rd period - Minor Penalty to Matt Niskanen for Tripping.
15:37 of 3rd period - Brian Boyle wins face-off versus Rickard Rakell in Canadiens zone.
16:20 of 3rd period - Gregory Campbell is hit by Jason Zucker and loses puck.
17:13 of 3rd period - Clayton Stoner is hit by Justin Abdelkader and loses puck.
17:36 of 3rd period - Penalty to Matt Niskanen is over, Matt Niskanen is back on ice.
17:46 of 3rd period - Wrist shot by Jason Zucker.
17:46 of 3rd period - Goal by Jason Zucker - Avalanche : 4 - Canadiens : 4.
17:47 of 3rd period - Mathieu Perreault wins face-off versus Rickard Rakell in neutral zone.
18:03 of 3rd period - Off-side.
18:04 of 3rd period - Mathieu Perreault wins face-off versus Rickard Rakell in neutral zone.
18:11 of 3rd period - Snap shot by Mathieu Perreault.
18:11 of 3rd period - Shot Blocked by Rickard Rakell.
18:13 of 3rd period - Slapshot by Matt Niskanen.
18:13 of 3rd period - Shot Misses the Net.
18:15 of 3rd period - Wrist shot by Jaromir Jagr.
18:15 of 3rd period - Shot Misses the Net.
18:17 of 3rd period - Wrist shot by Matt Niskanen.
18:17 of 3rd period - Stopped by Eddie Lack with a rebound.
18:19 of 3rd period - Slapshot by Matt Niskanen.
18:19 of 3rd period - Stopped by Eddie Lack with a rebound.
18:21 of 3rd period - Slapshot by Matt Niskanen.
18:21 of 3rd period - Shot Blocked by Dan Hamhuis.
18:23 of 3rd period - Snap shot by Matt Niskanen.
18:23 of 3rd period - Stopped by Eddie Lack with a rebound.
18:25 of 3rd period - Wrist shot by Joe Thornton.
18:25 of 3rd period - Deflect By Jaromir Jagr.
18:25 of 3rd period - Stopped by Eddie Lack with a rebound.
18:27 of 3rd period - Slapshot by Jaromir Jagr.
18:27 of 3rd period - Stopped by Eddie Lack with a rebound.
18:29 of 3rd period - Slapshot by Matt Niskanen.
18:29 of 3rd period - Stopped by Eddie Lack with a rebound.
18:31 of 3rd period - Wrist shot by Alex Goligoski.
18:31 of 3rd period - Deflect By Joe Thornton.
18:31 of 3rd period - Stopped by Eddie Lack without a rebound.
18:32 of 3rd period - Ryan O'Reilly wins face-off versus Mike Ribeiro in Avalanche zone.
18:45 of 3rd period - Snap shot by Jason Zucker.
18:45 of 3rd period - Shot Misses the Net.
18:49 of 3rd period - Snap shot by Ryan O'Reilly.
18:49 of 3rd period - Shot Misses the Net.
Goals for this period are 3 for Avalanche vs 2 for Canadiens.
Shots for this period are 10 for Avalanche vs 15 for Canadiens.

Overtime #1


0:01 of 1st overtime period - Ryan O'Reilly wins face-off versus Mike Ribeiro in neutral zone.
1:03 of 1st overtime period - Dan Hamhuis is hit by Justin Abdelkader and loses puck.
1:36 of 1st overtime period - Minor Penalty to Clayton Stoner for Goalie Interference.
1:37 of 1st overtime period - Ryan O'Reilly wins face-off versus Mike Ribeiro in Avalanche zone.
2:27 of 1st overtime period - Slapshot by Mike Cammalleri.
2:27 of 1st overtime period - Shot Blocked by Dan Hamhuis.
2:29 of 1st overtime period - Slapshot by Matt Niskanen.
2:29 of 1st overtime period - Stopped by Eddie Lack without a rebound.
2:30 of 1st overtime period - Ryan O'Reilly wins face-off versus Mike Cammalleri in Avalanche zone.
3:27 of 1st overtime period - Dan Hamhuis is hit by Justin Abdelkader and loses puck.
3:36 of 1st overtime period - Penalty to Clayton Stoner is over, Clayton Stoner is back on ice.
3:46 of 1st overtime period - Andrew Campbell is hit by Dan Hamhuis and loses puck.
3:53 of 1st overtime period - Alex Goligoski is hit by Clayton Stoner and loses puck.
4:10 of 1st overtime period - Icing by Matt Niskanen.
4:11 of 1st overtime period - Joe Thornton wins face-off versus Ryan O'Reilly in Canadiens zone.
4:47 of 1st overtime period - Snap shot by Jason Zucker.
4:47 of 1st overtime period - Stopped by Pekka Rinne without a rebound.
4:48 of 1st overtime period - Mike Ribeiro wins face-off versus Jason Zucker in Canadiens zone.
4:53 of 1st overtime period - Slapshot by Francois Beauchemin.
4:53 of 1st overtime period - Shot Blocked by Zach Redmond.
4:55 of 1st overtime period - Wrist shot by Andrew Campbell.
4:55 of 1st overtime period - Shot Blocked by Zach Redmond.
4:57 of 1st overtime period - Backhand shot by Francois Beauchemin.
4:57 of 1st overtime period - Shot Misses the Net.
4:59 of 1st overtime period - Slapshot by Francois Beauchemin.
4:59 of 1st overtime period - Stopped by Eddie Lack with a rebound.
Goals for this period are 0 for Avalanche vs 0 for Canadiens.
Shots for this period are 1 for Avalanche vs 2 for Canadiens.

ShootOut


5:00 of 1st overtime period - Penalty Shot by Joffrey Lupul for Avalanche.
5:00 of 1st overtime period - Deke by Joffrey Lupul.
5:00 of 1st overtime period - Stopped by Pekka Rinne.
5:00 of 1st overtime period - Penalty Shot by Brian Boyle for Canadiens.
5:00 of 1st overtime period - Backhand shot by Brian Boyle.
5:00 of 1st overtime period - Stopped by Eddie Lack.
5:00 of 1st overtime period - Penalty Shot by Ryan O'Reilly for Avalanche.
5:00 of 1st overtime period - Snap shot by Ryan O'Reilly.
5:00 of 1st overtime period - Stopped by Pekka Rinne.
5:00 of 1st overtime period - Penalty Shot by Mike Cammalleri for Canadiens.
5:00 of 1st overtime period - Snap shot by Mike Cammalleri.
5:00 of 1st overtime period - Goal by Mike Cammalleri.
5:00 of 1st overtime period - Penalty Shot by Rickard Rakell for Avalanche.
5:00 of 1st overtime period - Wrist shot by Rickard Rakell.
5:00 of 1st overtime period - Shot Misses the Net.